| TOP OF THE 1ST |
|
Trois-Riveres Aigles batting - Pitching for Hamilton Cardinals : LHP J.T. Ready
|
|
Pitching: LHP J.T. Ready
|
|
|
Batting: LHB Ian Cranton
|
0-0: Called Strike 0-1: Ball 1-1: Fly out, F9 (Flyball, 9D, EV 90.0 MPH)
|
|
Batting: RHB Micah Logan
|
0-0: Ball 1-0: Foul Ball, location: 2F 1-1: Called Strike 1-2: Fly out, F6 (Popup, 6D, EV 49.4 MPH)
|
|
Batting: RHB Alistair Holmes
|
0-0: Foul Ball, location: 2F 0-1: Ball 1-1: Called Strike 1-2: Foul Ball, location: 2F 1-2: Ball 2-2: Ball 3-2: Base on Balls
|
|
Batting: SHB Derek Weaver
|
0-0: Swinging Strike 0-1: Swinging Strike 0-2: Strikes out looking
|
| Top of the 1st over - 0 runs, 0 hits, 0 errors, 1 left on base; Trois-Riveres 0 - Hamilton 0 |
| BOTTOM OF THE 1ST |
|
Hamilton Cardinals batting - Pitching for Trois-Riveres Aigles : LHP Jordan Robinson
|
|
Pitching: LHP Jordan Robinson
|
|
|
Batting: SHB Kelly Brooks
|
0-0: Called Strike 0-1: Ball 1-1: Fly out, F7 (Line Drive, 7, EV 91.9 MPH)
|
|
Batting: LHB Rafael Banda
|
0-0: SINGLE (Line Drive, 9LS, EV 110.0 MPH)
|
|
Batting: RHB Shou-feng Chang
|
0-0: Ball 1-0: Foul Ball, location: 2F 1-1: Foul Ball, location: 2F 1-2: Ground out 5-3 (Groundball, 56S, EV 66.2 MPH) Rafael Banda to second
|
|
Batting: SHB Jae-hong Kym
|
0-0: Called Strike 0-1: Ball 1-1: Fly out, F3 (Popup, 34, EV 60.6 MPH)
|
| Bottom of the 1st over - 0 runs, 1 hit, 0 errors, 1 left on base; Trois-Riveres 0 - Hamilton 0 |
| TOP OF THE 2ND |
|
Trois-Riveres Aigles batting - Pitching for Hamilton Cardinals : LHP J.T. Ready
|
|
Batting: RHB Sandoval Serzedelo
|
0-0: Fly out, F9 (Flyball, 89S, EV 85.6 MPH)
|
|
Batting: RHB Willie Acevedo
|
0-0: Swinging Strike 0-1: Foul Ball, location: 2F 0-2: Strikes out swinging
|
|
Batting: RHB George Connell
|
0-0: Ball 1-0: Called Strike 1-1: Called Strike 1-2: Strikes out swinging
|
| Top of the 2nd over - 0 runs, 0 hits, 0 errors, 0 left on base; Trois-Riveres 0 - Hamilton 0 |
| BOTTOM OF THE 2ND |
|
Hamilton Cardinals batting - Pitching for Trois-Riveres Aigles : LHP Jordan Robinson
|
|
Batting: RHB Matt Shaw
|
0-0: Ball 1-0: Foul Ball, location: 2F 1-1: Foul Ball, location: 2F 1-2: SINGLE (Line Drive, 7S, EV 93.8 MPH)
|
|
Batting: RHB Oscar Higareda
|
0-0: Ball 1-0: Foul Ball, location: 2F 1-1: Foul Ball, location: 2F 1-2: Strikes out swinging
|
|
Batting: SHB J.T. Ready
|
0-0: Called Strike 0-1: Foul Ball, location: 2F 0-2: Ball 1-2: Foul Ball, location: 2F 1-2: Ball 2-2: Foul Ball, location: 2F 2-2: Foul Ball, location: 2F 2-2: Ball 3-2: DOUBLE (Line Drive, 89D, EV 111.2 MPH) Matt Shaw to third Matt Shaw scores
|
|
Batting: SHB Brad Meyer
|
0-0: Called Strike 0-1: Swinging Strike 0-2: Ball 1-2: Foul Ball, location: 2F 1-2: Strikes out looking
|
|
Batting: SHB Felipe Campanella
|
0-0: Swinging Strike 0-1: Foul Ball, location: 2F 0-2: Strikes out swinging
|
| Bottom of the 2nd over - 1 run, 2 hits, 0 errors, 1 left on base; Trois-Riveres 0 - Hamilton 1 |
| TOP OF THE 3RD |
|
Trois-Riveres Aigles batting - Pitching for Hamilton Cardinals : LHP J.T. Ready
|
|
Batting: RHB Chris Davis
|
0-0: Swinging Strike 0-1: DOUBLE (Line Drive, 78D, EV 104.4 MPH)
|
|
Batting: RHB Ben Saxton
|
0-0: Swinging Strike 0-1: Foul Ball, location: 2F 0-2: Strikes out swinging
|
|
Batting: LHB Ian Cranton
|
0-0: Foul Ball, location: 2F 0-1: Ball 1-1: Ball 2-1: Ball 3-1: Called Strike 3-2: SINGLE (Groundball, 34D, EV 98.8 MPH) Chris Davis to third Runner from 3rd tries for Home, SAFE, throw by RF to home
|
|
Batting: RHB Micah Logan
|
0-0: Ball 1-0: Fly out, F9 (Flyball, 9LM, EV 101.9 MPH)
|
|
Batting: RHB Alistair Holmes
|
0-0: Ball 1-0: Ball 2-0: Foul Ball, location: 2F 2-1: Called Strike 2-2: Ball 3-2: Strikes out swinging
|
| Top of the 3rd over - 1 run, 2 hits, 0 errors, 1 left on base; Trois-Riveres 1 - Hamilton 1 |
| BOTTOM OF THE 3RD |
|
Hamilton Cardinals batting - Pitching for Trois-Riveres Aigles : LHP Jordan Robinson
|
|
Batting: SHB Kelly Brooks
|
0-0: Ball 1-0: Ball 2-0: Swinging Strike 2-1: Ball 3-1: Called Strike 3-2: SINGLE (Line Drive, 6D, EV 98.8 MPH)
|
|
Batting: LHB Rafael Banda
|
0-0: Ball 1-0: Foul Ball, location: 2F 1-1: Foul Ball, location: 2F 1-2: Foul Ball, location: 2F 1-2: Strikes out swinging
|
|
Batting: RHB Shou-feng Chang
|
0-0: Ball 1-0: Called Strike 1-1: Grounds into double play, 4-6-3 (Groundball, 4S, EV 85.0 MPH)
|
| Bottom of the 3rd over - 0 runs, 1 hit, 0 errors, 0 left on base; Trois-Riveres 1 - Hamilton 1 |
| TOP OF THE 4TH |
|
Trois-Riveres Aigles batting - Pitching for Hamilton Cardinals : LHP J.T. Ready
|
|
Batting: SHB Derek Weaver
|
0-0: Ball 1-0: Foul Ball, location: 2F 1-1: Called Strike 1-2: Ball 2-2: Strikes out looking
|
|
Batting: RHB Sandoval Serzedelo
|
0-0: Fly out, F3 (Popup, 34, EV 68.1 MPH)
|
|
Batting: RHB Willie Acevedo
|
0-0: DOUBLE (Flyball, 89D, EV 96.9 MPH)
|
|
Batting: RHB George Connell
|
0-0: Swinging Strike 0-1: Called Strike 0-2: Foul Ball, location: 2F 0-2: Strikes out swinging
|
| Top of the 4th over - 0 runs, 1 hit, 0 errors, 1 left on base; Trois-Riveres 1 - Hamilton 1 |
| BOTTOM OF THE 4TH |
|
Hamilton Cardinals batting - Pitching for Trois-Riveres Aigles : LHP Jordan Robinson
|
|
Batting: SHB Jae-hong Kym
|
0-0: Ball 1-0: Ball 2-0: Ball 3-0: Base on Balls
|
|
Batting: RHB Matt Shaw
|
0-0: Called Strike 0-1: Fly out, F9 (Flyball, 89D, EV 103.8 MPH)
|
|
Batting: RHB Oscar Higareda
|
0-0: Fielders Choice at 2nd, 6-4 (Groundball, 6, EV 80.0 MPH)
|
|
Batting: SHB J.T. Ready
|
0-0: Ball 1-0: Called Strike 1-1: Fly out, F7 (Flyball, 78D, EV 88.8 MPH)
|
| Bottom of the 4th over - 0 runs, 0 hits, 0 errors, 1 left on base; Trois-Riveres 1 - Hamilton 1 |
| TOP OF THE 5TH |
|
Trois-Riveres Aigles batting - Pitching for Hamilton Cardinals : LHP J.T. Ready
|
|
Batting: RHB Chris Davis
|
0-0: Called Strike 0-1: Swinging Strike 0-2: Foul Ball, location: 2F 0-2: Strikes out swinging
|
|
Batting: RHB Ben Saxton
|
0-0: Called Strike 0-1: SINGLE (Groundball, 6MD, EV 96.2 MPH)
|
|
Batting: LHB Ian Cranton
|
0-0: Ball 1-0: Swinging Strike 1-1: Called Strike 1-2: Foul Ball, location: 2F 1-2: Ball 2-2: Grounds into double play, 5-4-3 (Groundball, 56, EV 111.2 MPH)
|
| Top of the 5th over - 0 runs, 1 hit, 0 errors, 0 left on base; Trois-Riveres 1 - Hamilton 1 |
| BOTTOM OF THE 5TH |
|
Hamilton Cardinals batting - Pitching for Trois-Riveres Aigles : LHP Jordan Robinson
|
|
Batting: SHB Brad Meyer
|
0-0: Ball 1-0: Ball 2-0: Fly out, F8 (Flyball, 8RXD, EV 77.5 MPH)
|
|
Batting: SHB Felipe Campanella
|
0-0: Called Strike 0-1: SINGLE (Groundball, 6MD, EV 106.2 MPH)
|
|
Batting: SHB Kelly Brooks
|
0-0: Ball 1-0: Fly out, F9 (Flyball, 9LS, EV 93.1 MPH)
|
|
Batting: LHB Rafael Banda
|
0-0: Called Strike 0-1: Ball 1-1: Fielders Choice at 2nd, U4 (Groundball, 4M, EV 109.4 MPH)
|
| Bottom of the 5th over - 0 runs, 1 hit, 0 errors, 1 left on base; Trois-Riveres 1 - Hamilton 1 |
| TOP OF THE 6TH |
|
Trois-Riveres Aigles batting - Pitching for Hamilton Cardinals : LHP J.T. Ready
|
|
Batting: RHB Micah Logan
|
0-0: Fly out, F7 (Flyball, 7, EV 91.2 MPH)
|
|
Batting: RHB Alistair Holmes
|
0-0: Ball 1-0: Ball 2-0: Ball 3-0: Foul Ball, location: 2F 3-1: Called Strike 3-2: Strikes out swinging
|
|
Batting: SHB Derek Weaver
|
0-0: Ball 1-0: Ball 2-0: Ball 3-0: Called Strike 3-1: SINGLE (Line Drive, 3D, EV 95.0 MPH)
|
|
Batting: RHB Sandoval Serzedelo
|
0-0: Ball 1-0: Foul Ball, location: 2F 1-1: Ball 2-1: Foul Ball, location: 2F 2-2: Strikes out swinging, 2-3 out at first.
|
| Top of the 6th over - 0 runs, 1 hit, 0 errors, 1 left on base; Trois-Riveres 1 - Hamilton 1 |
| BOTTOM OF THE 6TH |
|
Hamilton Cardinals batting - Pitching for Trois-Riveres Aigles : LHP Jordan Robinson
|
|
Batting: RHB Shou-feng Chang
|
0-0: Ball 1-0: Ball 2-0: Called Strike 2-1: Fly out, F9 (Flyball, 9, EV 90.0 MPH)
|
|
Batting: SHB Jae-hong Kym
|
0-0: Ball 1-0: Called Strike 1-1: Called Strike 1-2: Strikes out swinging
|
|
Batting: RHB Matt Shaw
|
0-0: Ball 1-0: Called Strike 1-1: Called Strike 1-2: Foul Ball, location: 2F 1-2: Fly out, F8 (Flyball, 8RM, EV 93.1 MPH)
|
| Bottom of the 6th over - 0 runs, 0 hits, 0 errors, 0 left on base; Trois-Riveres 1 - Hamilton 1 |
| TOP OF THE 7TH |
|
Trois-Riveres Aigles batting - Pitching for Hamilton Cardinals : LHP J.T. Ready
|
|
Pitching: RHP Morgan Phang
|
|
|
Batting: RHB Willie Acevedo
|
0-0: Foul Ball, location: 2F 0-1: Swinging Strike 0-2: Strikes out swinging
|
|
Batting: RHB George Connell
|
0-0: Foul Ball, location: 2F 0-1: Ball 1-1: Ball 2-1: Ball 3-1: Base on Balls
|
|
Batting: RHB Chris Davis
|
0-0: Ball 1-0: SINGLE (Groundball, 13, EV 88.8 MPH) (infield hit) George Connell to second
|
|
Pinch Hitting: LHB Jonathan Watt
|
0-0: Ball 1-0: Ball 2-0: Ball 3-0: Called Strike 3-1: Called Strike 3-2: Base on Balls George Connell to third Chris Davis to second
|
|
Pitching: LHP Tim Dyer
|
|
|
Pinch Hitting: RHB Toshikatsu Omori
|
0-0: Ball 1-0: Called Strike 1-1: Foul Ball, location: 2F 1-2: SINGLE (Line Drive, 4D, EV 93.8 MPH) George Connell scores Chris Davis to third Jonathan Watt to second Runner from 3rd tries for Home, SAFE, throw by RF to home
|
|
Pitching: RHP Francisco Galindo
|
|
|
Batting: RHB Micah Logan
|
0-0: Called Strike 0-1: Ball 1-1: Ball 2-1: Foul Ball, location: 2F 2-2: Foul Ball, location: 2F 2-2: Foul Ball, location: 2F 2-2: Ball 3-2: Foul Ball, location: 2F 3-2: Foul Ball, location: 2F 3-2: Base on Balls Jonathan Watt to third Toshikatsu Omori to second
|
|
Batting: RHB Alistair Holmes
|
0-0: Ball 1-0: Ball 2-0: Ball 3-0: Called Strike 3-1: Base on Balls Jonathan Watt scores Toshikatsu Omori to third Micah Logan to second
|
|
Batting: SHB Derek Weaver
|
0-0: Ball 1-0: Ball 2-0: Called Strike 2-1: Ball 3-1: Base on Balls Toshikatsu Omori scores Micah Logan to third Alistair Holmes to second
|
|
Batting: RHB Sandoval Serzedelo
|
0-0: Called Strike 0-1: Ball 1-1: Foul Ball, location: 2F 1-2: Ball 2-2: Strikes out looking
|
|
Pitching: RHP Norietsu Higashi
|
|
|
Batting: RHB Willie Acevedo
|
0-0: Foul Ball, location: 2F 0-1: Foul Ball, location: 2F 0-2: Foul Ball, location: 2F 0-2: Ball 1-2: Foul Ball, location: 2F 1-2: Foul Ball, location: 2F 1-2: Ball 2-2: Ball 3-2: Base on Balls Micah Logan scores Alistair Holmes to third Derek Weaver to second
|
|
Batting: RHB George Connell
|
0-0: Foul Ball, location: 2F 0-1: Ball 1-1: Called Strike 1-2: Foul Ball, location: 2F 1-2: Foul Ball, location: 2F 1-2: Ball 2-2: Ball 3-2: Strikes out swinging
|
| Top of the 7th over - 5 runs, 2 hits, 0 errors, 3 left on base; Trois-Riveres 6 - Hamilton 1 |
| BOTTOM OF THE 7TH |
|
Hamilton Cardinals batting - Pitching for Trois-Riveres Aigles : LHP Jordan Robinson
|
|
Now at 1B: Toshikatsu Omori
|
|
|
Now at SS: Luis Jara
|
|
|
Batting: RHB Oscar Higareda
|
0-0: Ball 1-0: TRIPLE (Line Drive, 8RD, EV 92.5 MPH)
|
|
Batting: SHB J.T. Ready
|
0-0: Ball 1-0: Foul Ball, location: 2F 1-1: Fly out, F9 (Flyball, 89S, EV 97.5 MPH) Runner from 3rd tags up, SCORES, throw by RF
|
|
Batting: SHB Brad Meyer
|
0-0: Called Strike 0-1: Ball 1-1: Foul Ball, location: 2F 1-2: Strikes out looking
|
|
Batting: SHB Felipe Campanella
|
0-0: Ball 1-0: Foul Ball, location: 2F 1-1: Foul Ball, location: 2F 1-2: Strikes out looking
|
| Bottom of the 7th over - 1 run, 1 hit, 0 errors, 0 left on base; Trois-Riveres 6 - Hamilton 2 |
| TOP OF THE 8TH |
|
Trois-Riveres Aigles batting - Pitching for Hamilton Cardinals : RHP Norietsu Higashi
|
|
Batting: RHB Chris Davis
|
0-0: Ground out 5-3 (Groundball, 56S, EV 95.0 MPH)
|
|
Batting: RHB Luis Jara
|
0-0: Ball 1-0: Foul Ball, location: 2F 1-1: Ball 2-1: Called Strike 2-2: Foul Ball, location: 2F 2-2: Strikes out swinging
|
|
Batting: RHB Toshikatsu Omori
|
0-0: Ball 1-0: Foul Ball, location: 2F 1-1: SINGLE (Line Drive, 6D, EV 99.4 MPH)
|
|
Batting: RHB Micah Logan
|
0-0: Called Strike 0-1: Ball 1-1: Ball 2-1: Ground out U3 (Groundball, 3S, EV 88.8 MPH)
|
| Top of the 8th over - 0 runs, 1 hit, 0 errors, 1 left on base; Trois-Riveres 6 - Hamilton 2 |
| BOTTOM OF THE 8TH |
|
Hamilton Cardinals batting - Pitching for Trois-Riveres Aigles : LHP Jordan Robinson
|
|
Batting: SHB Kelly Brooks
|
0-0: Ground out 3-1 (Groundball, 34S, EV 85.0 MPH)
|
|
Batting: LHB Rafael Banda
|
0-0: SOLO HOME RUN (Flyball, 7D, EV 95.6 MPH), Distance : 368 ft
|
|
Batting: RHB Shou-feng Chang
|
0-0: Called Strike 0-1: SINGLE (Flyball, 34D, EV 86.9 MPH)
|
|
Batting: SHB Jae-hong Kym
|
0-0: Foul Ball, location: 2F 0-1: Ball 1-1: Foul Ball, location: 2F 1-2: Ball 2-2: Ball 3-2: Foul Ball, location: 2F 3-2: SINGLE (Groundball, 6MD, EV 106.2 MPH) Shou-feng Chang to second
|
|
Pitching: RHP Steve Rennecker
|
|
|
Pinch Hitting: RHB Arnold Schuler
|
0-0: Ball 1-0: Ball 2-0: Fielders Choice at 2nd, 1-4 (Groundball, P, EV 69.4 MPH) Shou-feng Chang to third
|
|
Pinch Hitting: LHB Pete Mitchell
|
0-0: Ball 1-0: Ball 2-0: SINGLE (Line Drive, 8RS, EV 101.2 MPH) Shou-feng Chang scores Arnold Schuler to second
|
|
Batting: SHB J.T. Ready
|
0-0: Called Strike 0-1: Foul Ball, location: 2F 0-2: Ball 1-2: Ball 2-2: Ball 3-2: SINGLE (Groundball, 5S, EV 64.4 MPH) (infield hit) Arnold Schuler to third Pete Mitchell to second
|
|
Pinch Hitting: RHB Kyle Franken
|
0-0: Foul Ball, location: 2F 0-1: Foul Ball, location: 2F 0-2: Ball 1-2: Ball 2-2: Foul Ball, location: 2F 2-2: Ball 3-2: SINGLE (Groundball, 6D, EV 98.1 MPH) Arnold Schuler scores Pete Mitchell to third J.T. Ready to second Pete Mitchell scores J.T. Ready to third
|
|
Batting: SHB Felipe Campanella
|
0-0: Ball 1-0: Foul Ball, location: 2F 1-1: Called Strike 1-2: Strikes out looking
|
| Bottom of the 8th over - 4 runs, 6 hits, 0 errors, 2 left on base; Trois-Riveres 6 - Hamilton 6 |
| TOP OF THE 9TH |
|
Trois-Riveres Aigles batting - Pitching for Hamilton Cardinals : RHP Norietsu Higashi
|
|
Now at 1B: Diego Herrera
|
|
|
Now at 2B: Dan Wages
|
|
|
Now in RF: Pete Mitchell
|
|
|
Pinch Hitting: RHB Gabe Wilcoxon
|
0-0: Called Strike 0-1: Ground out 6-3 (Groundball, P, EV 88.1 MPH)
|
|
Pinch Hitting: RHB Joel Wittmier
|
0-0: Foul Ball, location: 2F 0-1: Fly out, F4 (Popup, 4S, EV 66.9 MPH)
|
|
Batting: RHB Roy Johnson
|
0-0: Called Strike 0-1: Called Strike 0-2: Ball 1-2: Ball 2-2: Hit by Pitch
|
|
Batting: RHB Willie Acevedo
|
0-0: Swinging Strike 0-1: Called Strike 0-2: Ball 1-2: Ball 2-2: Strikes out swinging
|
| Top of the 9th over - 0 runs, 0 hits, 0 errors, 1 left on base; Trois-Riveres 6 - Hamilton 6 |
| BOTTOM OF THE 9TH |
|
Hamilton Cardinals batting - Pitching for Trois-Riveres Aigles : RHP Steve Rennecker
|
|
Now in LF: Gabe Wilcoxon
|
|
|
Now in RF: Gilbert Hoareau
|
|
|
Batting: SHB Kelly Brooks
|
0-0: Foul Ball, location: 2F 0-1: Fly out, F7 (Flyball, 7S, EV 98.8 MPH)
|
|
Batting: LHB Rafael Banda
|
0-0: Ball 1-0: Ball 2-0: Called Strike 2-1: Foul Ball, location: 2F 2-2: Ball 3-2: Fly out, F8 (Flyball, 8LM, EV 83.8 MPH)
|
|
Batting: RHB Shou-feng Chang
|
0-0: Ball 1-0: Ball 2-0: Swinging Strike 2-1: Foul Ball, location: 2F 2-2: Foul Ball, location: 2F 2-2: Fly out, F6 (Line Drive, 6, EV 71.9 MPH)
|
| Bottom of the 9th over - 0 runs, 0 hits, 0 errors, 0 left on base; Trois-Riveres 6 - Hamilton 6 |
| TOP OF THE 10TH |
|
Trois-Riveres Aigles batting - Pitching for Hamilton Cardinals : RHP Norietsu Higashi
|
|
Pitching: RHP David Lopez
|
|
|
Batting: RHB George Connell
|
0-0: Called Strike 0-1: Ball 1-1: Ball 2-1: Foul Ball, location: 2F 2-2: Foul Ball, location: 2F 2-2: Strikes out looking
|
|
Batting: RHB Chris Davis
|
0-0: Called Strike 0-1: Ball 1-1: Ball 2-1: Ball 3-1: Base on Balls
|
|
Batting: RHB Luis Jara
|
0-0: Called Strike 0-1: Called Strike 0-2: Ball 1-2: Ball 2-2: Foul Ball, location: 2F 2-2: Ball 3-2: Strikes out swinging
|
|
Batting: RHB Toshikatsu Omori
|
0-0: Foul Ball, location: 2F 0-1: Ball 1-1: Foul Ball, location: 2F 1-2: SINGLE (Line Drive, 6M, EV 95.6 MPH) Chris Davis to second Runner from 2nd tries for 3rd, OUT! 8-5
|
| Top of the 10th over - 0 runs, 1 hit, 0 errors, 1 left on base; Trois-Riveres 6 - Hamilton 6 |
| BOTTOM OF THE 10TH |
|
Hamilton Cardinals batting - Pitching for Trois-Riveres Aigles : RHP Steve Rennecker
|
|
Pitching: RHP Vince Martinez
|
|
|
Batting: SHB Jae-hong Kym
|
0-0: Fly out, F7 (Flyball, 7S, EV 79.4 MPH)
|
|
Batting: RHB Dan Wages
|
0-0: Ball 1-0: Foul Ball, location: 2F 1-1: Swinging Strike 1-2: Foul Ball, location: 2F 1-2: Foul Ball, location: 2F 1-2: Strikes out swinging
|
|
Batting: LHB Pete Mitchell
|
0-0: Called Strike 0-1: Called Strike 0-2: Ball 1-2: Foul Ball, location: 2F 1-2: Foul Ball, location: 2F 1-2: Ball 2-2: Strikes out swinging
|
| Bottom of the 10th over - 0 runs, 0 hits, 0 errors, 0 left on base; Trois-Riveres 6 - Hamilton 6 |
| TOP OF THE 11TH |
|
Trois-Riveres Aigles batting - Pitching for Hamilton Cardinals : RHP David Lopez
|
|
Batting: RHB Micah Logan
|
0-0: Called Strike 0-1: Ball 1-1: Called Strike 1-2: Strikes out swinging
|
|
Batting: RHB Gabe Wilcoxon
|
0-0: Swinging Strike 0-1: Ball 1-1: Fly out, F9 (Flyball, 9LSF, EV 96.9 MPH)
|
|
Pinch Hitting: RHB Christopher Arnett
|
0-0: Ball 1-0: Called Strike 1-1: Swinging Strike 1-2: Strikes out swinging
|
| Top of the 11th over - 0 runs, 0 hits, 0 errors, 0 left on base; Trois-Riveres 6 - Hamilton 6 |
| BOTTOM OF THE 11TH |
|
Hamilton Cardinals batting - Pitching for Trois-Riveres Aigles : RHP Vince Martinez
|
|
Now in RF: Matt Pena
|
|
|
Batting: SHB J.T. Ready
|
0-0: Ball 1-0: Ball 2-0: Fly out, F9 (Flyball, 9D, EV 101.2 MPH)
|
|
Pinch Hitting: LHB Doug Nebel
|
0-0: Ball 1-0: Ground out U3 (Groundball, 3L, EV 76.9 MPH)
|
|
Batting: SHB Felipe Campanella
|
0-0: Called Strike 0-1: Ball 1-1: Swinging Strike 1-2: Strikes out looking
|
| Bottom of the 11th over - 0 runs, 0 hits, 0 errors, 0 left on base; Trois-Riveres 6 - Hamilton 6 |
| TOP OF THE 12TH |
|
Trois-Riveres Aigles batting - Pitching for Hamilton Cardinals : RHP David Lopez
|
|
Now at 1B: Seung-kab Park
|
|
|
Batting: RHB Roy Johnson
|
0-0: Ball 1-0: Foul Ball, location: 2F 1-1: Swinging Strike 1-2: Strikes out swinging
|
|
Batting: RHB Willie Acevedo
|
0-0: Ball 1-0: Called Strike 1-1: Foul Ball, location: 2F 1-2: Strikes out swinging
|
|
Batting: RHB George Connell
|
0-0: Ball 1-0: Foul Ball, location: 2F 1-1: Ball 2-1: Called Strike 2-2: Foul Ball, location: 2F 2-2: Strikes out looking
|
| Top of the 12th over - 0 runs, 0 hits, 0 errors, 0 left on base; Trois-Riveres 6 - Hamilton 6 |
| BOTTOM OF THE 12TH |
|
Hamilton Cardinals batting - Pitching for Trois-Riveres Aigles : RHP Vince Martinez
|
|
Batting: SHB Kelly Brooks
|
0-0: Ball 1-0: Foul Ball, location: 2F 1-1: Fly out, F8 (Flyball, 8RD, EV 98.1 MPH)
|
|
Batting: LHB Rafael Banda
|
0-0: Ball 1-0: Called Strike 1-1: Foul Ball, location: 2F 1-2: Ball 2-2: Fly out, F7 (Flyball, 7, EV 80.0 MPH)
|
|
Batting: RHB Shou-feng Chang
|
0-0: Called Strike 0-1: Foul Ball, location: 2F 0-2: Foul Ball, location: 2F 0-2: Ball 1-2: Foul Ball, location: 2F 1-2: Foul Ball, location: 2F 1-2: Ball 2-2: Strikes out swinging, 2-3 out at first.
|
| Bottom of the 12th over - 0 runs, 0 hits, 0 errors, 0 left on base; Trois-Riveres 6 - Hamilton 6 |
| TOP OF THE 13TH |
|
Trois-Riveres Aigles batting - Pitching for Hamilton Cardinals : RHP David Lopez
|
|
Pitching: LHP Craig Soole
|
|
|
Batting: RHB Chris Davis
|
0-0: Foul Ball, location: 2F 0-1: Foul Ball, location: 2F 0-2: Foul Ball, location: 2F 0-2: Strikes out looking
|
|
Batting: RHB Luis Jara
|
0-0: Called Strike 0-1: Ball 1-1: Foul Ball, location: 2F 1-2: Ball 2-2: Ground out 4-3 (Groundball, 34, EV 104.4 MPH)
|
|
Batting: RHB Toshikatsu Omori
|
0-0: Ball 1-0: Called Strike 1-1: Swinging Strike 1-2: Ball 2-2: Ball 3-2: Strikes out swinging
|
| Top of the 13th over - 0 runs, 0 hits, 0 errors, 0 left on base; Trois-Riveres 6 - Hamilton 6 |
| BOTTOM OF THE 13TH |
|
Hamilton Cardinals batting - Pitching for Trois-Riveres Aigles : RHP Vince Martinez
|
|
Pitching: LHP Joel Brown
|
|
|
Batting: SHB Jae-hong Kym
|
0-0: Ball 1-0: Ball 2-0: Called Strike 2-1: Ball 3-1: Foul Ball, location: 2F 3-2: Foul Ball, location: 2F 3-2: Strikes out swinging
|
|
Batting: RHB Dan Wages
|
0-0: Called Strike 0-1: Ball 1-1: Foul Ball, location: 2F 1-2: Strikes out swinging
|
|
Batting: LHB Pete Mitchell
|
0-0: Swinging Strike 0-1: Fly out, F7 (Line Drive, 7, EV 85.0 MPH)
|
| Bottom of the 13th over - 0 runs, 0 hits, 0 errors, 0 left on base; Trois-Riveres 6 - Hamilton 6 |
| TOP OF THE 14TH |
|
Trois-Riveres Aigles batting - Pitching for Hamilton Cardinals : LHP Craig Soole
|
|
Batting: RHB Micah Logan
|
0-0: Fly out, F9 (Flyball, 89M, EV 91.9 MPH)
|
|
Batting: RHB Gabe Wilcoxon
|
0-0: Ground out 6-3 (Groundball, 4M, EV 110.6 MPH)
|
|
Pinch Hitting: RHB Danny Mota
|
0-0: Ball 1-0: Called Strike 1-1: Foul Ball, location: 2F 1-2: Foul Ball, location: 2F 1-2: Fly out, F9 (Line Drive, 9S, EV 85.6 MPH)
|
| Top of the 14th over - 0 runs, 0 hits, 0 errors, 0 left on base; Trois-Riveres 6 - Hamilton 6 |
| BOTTOM OF THE 14TH |
|
Hamilton Cardinals batting - Pitching for Trois-Riveres Aigles : LHP Joel Brown
|
|
Now in RF: Cody Gebo
|
|
|
Batting: SHB J.T. Ready
|
0-0: Ball 1-0: Foul Ball, location: 2F 1-1: Ball 2-1: Swinging Strike 2-2: Foul Ball, location: 2F 2-2: Strikes out swinging
|
|
Batting: RHB Seung-kab Park
|
0-0: Called Strike 0-1: Ball 1-1: Ball 2-1: Swinging Strike 2-2: Ground out 6-3 (Groundball, 6M, EV 78.1 MPH)
|
|
Batting: SHB Felipe Campanella
|
0-0: Ball 1-0: Ground out 5-3 (Groundball, 56S, EV 81.9 MPH)
|
| Bottom of the 14th over - 0 runs, 0 hits, 0 errors, 0 left on base; Trois-Riveres 6 - Hamilton 6 |
| TOP OF THE 15TH |
|
Trois-Riveres Aigles batting - Pitching for Hamilton Cardinals : LHP Craig Soole
|
|
Batting: RHB Roy Johnson
|
0-0: Ball 1-0: Ground out 5-3 (Groundball, 5S, EV 85.0 MPH)
|
|
Batting: RHB Willie Acevedo
|
0-0: Called Strike 0-1: Ball 1-1: Foul Ball, location: 2F 1-2: SINGLE (Flyball, 78S, EV 90.6 MPH)
|
|
Batting: RHB George Connell
|
0-0: Swinging Strike 0-1: Ball 1-1: Called Strike Willie Acevedo is caught stealing 2nd base 2-4 1-2: Foul Ball, location: 2F 1-2: Ball 2-2: Strikes out swinging
|
| Top of the 15th over - 0 runs, 1 hit, 0 errors, 0 left on base; Trois-Riveres 6 - Hamilton 6 |
| BOTTOM OF THE 15TH |
|
Hamilton Cardinals batting - Pitching for Trois-Riveres Aigles : LHP Joel Brown
|
|
Batting: SHB Kelly Brooks
|
0-0: Called Strike 0-1: Swinging Strike 0-2: Ball 1-2: Strikes out swinging, 2-3 out at first.
|
|
Batting: LHB Rafael Banda
|
0-0: Called Strike 0-1: Ball 1-1: Ball 2-1: Called Strike 2-2: Ball 3-2: Strikes out looking
|
|
Batting: RHB Shou-feng Chang
|
0-0: Ball 1-0: Ground out 6-3 (Groundball, 4MS, EV 81.2 MPH)
|
| Bottom of the 15th over - 0 runs, 0 hits, 0 errors, 0 left on base; Trois-Riveres 6 - Hamilton 6 |
| TOP OF THE 16TH |
|
Trois-Riveres Aigles batting - Pitching for Hamilton Cardinals : LHP Craig Soole
|
|
Batting: RHB Chris Davis
|
0-0: SOLO HOME RUN (Flyball, 7D, EV 96.2 MPH), Distance : 355 ft
|
|
Batting: RHB Luis Jara
|
0-0: Called Strike 0-1: Ball 1-1: Swinging Strike 1-2: Strikes out swinging
|
|
Batting: RHB Toshikatsu Omori
|
0-0: Foul Ball, location: 2F 0-1: Foul Ball, location: 2F 0-2: Ball 1-2: Ball 2-2: SINGLE (Groundball, 6MD, EV 97.5 MPH)
|
|
Batting: RHB Micah Logan
|
0-0: Ball 1-0: Called Strike 1-1: Fielders Choice at 2nd, 4-6 (Groundball, 4, EV 81.2 MPH)
|
|
Pitching: RHP Corey Shelton
|
|
|
Batting: RHB Gabe Wilcoxon
|
0-0: Ball 1-0: Ball 2-0: Called Strike 2-1: Ground out 4-3 (Groundball, 34, EV 87.5 MPH)
|
| Top of the 16th over - 1 run, 2 hits, 0 errors, 1 left on base; Trois-Riveres 7 - Hamilton 6 |
| BOTTOM OF THE 16TH |
|
Hamilton Cardinals batting - Pitching for Trois-Riveres Aigles : LHP Joel Brown
|
|
Batting: SHB Jae-hong Kym
|
0-0: Called Strike 0-1: Ball 1-1: Ball 2-1: Ball 3-1: Base on Balls
|
|
Batting: RHB Dan Wages
|
0-0: Ball 1-0: Ball 2-0: Called Strike 2-1: Fielders Choice at 2nd, 5-4 (Groundball, 5L, EV 100.6 MPH)
|
|
Batting: LHB Pete Mitchell
|
0-0: Ball 1-0: Ball 2-0: Called Strike 2-1: Fly out, F8 (Flyball, 8RXD, EV 110.6 MPH)
|
|
Batting: SHB J.T. Ready
|
0-0: Called Strike 0-1: Foul Ball, location: 2F 0-2: Ground out 4-3 (Groundball, 4M, EV 88.8 MPH)
|
| Bottom of the 16th over - 0 runs, 0 hits, 0 errors, 1 left on base; Trois-Riveres 7 - Hamilton 6 |
|